[Event "*** Titled Tuesday Blitz"]
[Site "Chess.com"]
[Date "2021.03.09"]
[Round "3"]
[White "ailime26"]
[Black "Etud-otradnoe"]
[Result "0-1"]
[WhiteElo "2092"]
[BlackElo "2320"]
[TimeControl "180+1"]
[EndTime "10:29:20 PST"]
[Termination "Etud-otradnoe won on time"]

1. e4 e6 2. d4 d5 3. Nc3 Bb4 4. e5 c5 5. a3 Bxc3+ 6. bxc3 Qa5 7.
Qd2 Nc6 8. Bb2 b6 9. f4 Ba6 10. Bd3 Nge7 11. Nf3 Qa4 12. O-O Bxd3 13. Qxd3 cxd4 14.
cxd4 h6 15. Rac1 Na5 16. Nd2 Rc8 17. Bc3 Nc4 18. Bb4 Nf5 19. Nxc4 Rxc4 20. c3 a5 21. g4 axb4 22. gxf5 exf5 23. cxb4 b5 24. Qxf5 O-O 25.
e6 Qxa3 26. Rce1 fxe6 27. Qxe6+ Kh8 28. Qxd5 Qxb4 29. Re4 Rc2 30. Qh5 Qd2 31. Re2 Qxe2 32. Qxe2 Rxe2 0-1

[Event "*** Titled Tuesday Blitz"]
[Site "Chess.com"]
[Date "2021.03.09"]
[Round "3"]
[White "Federtiu"]
[Black "Azerichess"]
[Result "0-1"]
[WhiteElo "2653"]
[BlackElo "2974"]
[TimeControl "180+1"]
[EndTime "10:29:21 PST"]
[Termination "Azerichess won on time"]

1. e4 c5 2. Nc3 e6 3. Nge2 Nc6 4.
d4 cxd4 5. Nxd4 Nf6 6. Ndb5 d6 7. Bf4 e5 8. Bg5 a6 9. Na3 Be6 10.
Nc4 Rb8 11. Ne3 Be7 12. Bxf6 Bxf6 13. Ncd5 Bg5 14. c3 O-O 15. g3 Ne7 16. Bg2 Bxe3 17.
Nxe3 b5 18. O-O Qb6 19. Qd2 Rfd8 20. Rfd1 a5 21. h4 Qc5 22. Kh2 h5 23. Rac1 g6 24. b3 Kg7 25. c4 b4 26. Nd5 Nc6 27. f4 Nd4 28. f5 Bxd5 29. cxd5 Qa7 30. Rf1 Rbc8 31.
Qg5 Rxc1 32. Rxc1 Qd7 33. Rf1 Rc8 34. Bh3 Rc2+ 35. Kh1 Qc7 36. fxg6 fxg6 37. Qf6+ Kh7 38. Be6 Rc1 0-1

[Event "*** Titled Tuesday Blitz"]
[Site "Chess.com"]
[Date "2021.03.09"]
[Round "3"]
[White "JiiHart"]
[Black "kidagent"]
[Result "0-1"]
[WhiteElo "2057"]
[BlackElo "2305"]
[TimeControl "180+1"]
[EndTime "10:29:21 PST"]
[Termination "kidagent won on time"]

1. e4 c5 2. Nf3 d6 3. d4 cxd4 4. Nxd4 Nf6 5. Nc3 a6 6. Bg5 e6 7. f4 Be7 8. Qf3 Qc7 9. O-O-O Nbd7 10. Bd3 b5 11. Rhe1 Bb7 12. a3 O-O 13. Qh3 Nc5 14.
e5 Nxd3+ 15. Rxd3 dxe5 16. fxe5 Nd5 17. Bxe7 Qxe7 18. Rg3 Nxc3 19. Rxc3 Rac8 20. Rg3 Rfd8 21. Qg4 g6 22. c3 b4 23. axb4 Qxb4 24. Nc2 Qb6 25.
Qh4 Bd5 26. Rh3 h5 27. g4 Rc4 28. Ne3 Re4 29. Nxd5 Rxe1+ 30. Qxe1 Rxd5 31. gxh5 Qa5 32. Re3 Qa1+ 33. Kc2 Qa4+ 34. Kc1 Qf4 35. Kc2 Qf5+ 36. Kc1 Qxh5 37. Qe2 Qg5 38. Kb1 Qf5+ 39. Kc1 Ra5 0-1

[Event "*** Titled Tuesday Blitz"]
[Site "Chess.com"]
[Date "2021.03.09"]
[Round "3"]
[White "amintabatabaei"]
[Black "elcandado"]
[Result "1-0"]
[WhiteElo "3011"]
[BlackElo "2663"]
[TimeControl "180+1"]
[EndTime "10:29:22 PST"]
[Termination "amintabatabaei won by resignation"]

1. d4 Nf6 2. Nf3 d5 3. Bf4 e6 4. e3 Bd6 5. Nbd2 O-O 6. Ne5 Qe7 7. Bd3 Nc6 8. c3 Nd7 9. Nxc6 bxc6 10. Bg3 e5 11.
O-O e4 12. Be2 Bxg3 13. hxg3 f5 14. c4 Nf6 15. Rc1 Be6 16. Qa4 Bd7 17. Qa5 Qd6 18. cxd5 Nxd5 19. Nc4 Qh6 20. Ne5 Be8 21. Bc4 Rd8 22.
Qxc7 Rd6 23. Qxa7 Qh5 24. Qe7 Rff6 25. Bxd5+ Rxd5 26. Rfe1 Rxe5 27. dxe5 Rh6 28. Qh4 Qg6 29. Qd8 Qh5 30. Kf1 Re6 31. Qh4 Qf7 32. Red1 Rh6 33.
Qd8 Qh5 34. Rd6 Qh1+ 35. Ke2 Qh5+ 36. Kd2 Rxd6+ 37. exd6 Qg6 38. Qe7 h6 39. d7 Bxd7 40.
Qxd7 Kh7 41. Rxc6 1-0

[Event "*** Titled Tuesday Blitz"]
[Site "Chess.com"]
[Date "2021.03.09"]
[Round "3"]
[White "onnoelgersma"]
[Black "vlad_Sid"]
[Result "1-0"]
[WhiteElo "2401"]
[BlackElo "2559"]
[TimeControl "180+1"]
[EndTime "10:29:22 PST"]
[Termination "onnoelgersma won on time"]

1. e4 c6 2. Nf3 d5 3. Nc3 dxe4 4. Nxe4 Nf6 5. Qe2 Nxe4 6. Qxe4 Qa5 7. c3 Bf5 8. Qf4 e6 9. d4 Nd7 10. g3 Be7 11.
Bg2 O-O 12. O-O Bg6 13. a4 Qd8 14. Re1 Nf6 15. Ne5 Nd5 16. Qf3 Rc8 17. h4 Bc2 18. Qe2 Bb3 19. Qd3 Qa5 20. Bd2 Qa6 21.
c4 Bxc4 22. Qxc4 Qb6 23. Nd7 Qxb2 24. Nxf8 Qxd2 25. Nd7 b6 26. Ne5 Nb4 27. Nxc6 Nxc6 28. Bxc6 Bf6 29. Rad1 Qb2 30. d5 exd5 31. Qxd5 g6 32.
Be8 Kg7 33. Qxf7+ Kh6 34. Qf8+ Bg7 35. Qf4+ Kh5 36. Rd5+ Be5 37. Rdxe5+ 1-0

[Event "*** Titled Tuesday Blitz"]
[Site "Chess.com"]
[Date "2021.03.09"]
[Round "3"]
[White "Chesswizard_2007"]
[Black "floplover"]
[Result "1-0"]
[WhiteElo "2691"]
[BlackElo "2318"]
[TimeControl "180+1"]
[EndTime "10:29:22 PST"]
[Termination "Chesswizard_2007 won on time"]

1. e4 c6 2. Nc3 d5 3. Qf3 dxe4 4.
Nxe4 Nf6 5. Bc4 e6 6. Ne2 Nxe4 7. Qxe4 Nd7 8. d4 Nf6 9. Qf3 Bd6 10. O-O Qc7 11. h3 b6 12. Bg5 Nd5 13. Bd3 h6 14. Bh4 Bb7 15. Bg3 Bxg3 16. Nxg3 O-O 17. a3 c5 18. dxc5 bxc5 19. Nh5 c4 20. Qg4 f5 21. Qxc4 Qb6 22. Rfe1 Rac8 23. Qa2 Rfe8 24. Re5 Qc6 25. Bf1 Qxc2 26. Rae1 Qc6 27. b4 Kh7 28. b5 Qb6 29. a4 a5 30. Qb1 Rc3 31. Qb2 Rc7 32. Bc4 Rce7 33. Bxd5 Bxd5 34. h4 Qd6 35. Nf4 Be4 36.
f3 Bb7 37. Qe2 1-0

[Event "*** Titled Tuesday Blitz"]
[Site "Chess.com"]
[Date "2021.03.09"]
[Round "3"]
[White "freshfoodcompany"]
[Black "Kobalia"]
[Result "0-1"]
[WhiteElo "2446"]
[BlackElo "2709"]
[TimeControl "180+1"]
[EndTime "10:29:23 PST"]
[Termination "Kobalia won by checkmate"]

1. d4 Nf6 2. c4 g6 3. Nc3 Bg7 4. e4 O-O 5. Nf3 d6 6. Be2 e5 7.
Be3 Nc6 8. d5 Ne7 9. Nd2 Nd7 10.
b4 f5 11. f3 Nf6 12. c5 f4 13. Bf2 g5 14. Nc4 h5 15. cxd6 cxd6 16. Nb5 Ne8 17. Bxa7 Ng6 18. Nb6 Rxa7 19. Nxa7 Qxb6 20. Nxc8 Qd8 21.
Na7 g4 22. Qb3 Qh4+ 23. Kd2 Qf2 24. Nb5 Nh4 25. Raf1 Qxg2 26. Rhg1 Qxh2 27. Rh1 Qg3 28. fxg4 f3 29. Kc1 hxg4 30. Kb1 Ng2 31. Qd3 Nf4 32. Rxf3 gxf3 33. Qxf3 Nxe2 34. Qxe2 Rf2 35. Qh5 Qd3+ 36. Ka1 Rf1+ 37. Rxf1 Qxf1+ 38. Kb2 Qxb5 39. Qf5 Qxb4+ 40.
Kc2 Nf6 41. Qe6+ Kf8 42. Qc8+ Ne8 43. Qf5+ Bf6 44. Qe6 Qxe4+ 45. Kb3 Qd3+ 46. Kb4 Qd4+ 47. Kb5 Qc5+ 48. Ka4 b5+ 49. Kb3 Qc4+ 50. Ka3 Qc3# 0-1

[Event "*** Titled Tuesday Blitz"]
[Site "Chess.com"]
[Date "2021.03.09"]
[Round "3"]
[White "ShcufNaiRolf"]
[Black "MoonlighT89"]
[Result "0-1"]
[WhiteElo "2374"]
[BlackElo "2575"]
[TimeControl "180+1"]
[EndTime "10:29:25 PST"]
[Termination "MoonlighT89 won on time"]

1. e4 c5 2. Nf3 e6 3. g3 Nc6 4. Bg2 Nf6 5. Qe2 e5 6. O-O Be7 7. c3 O-O 8. Rd1 d5 9. exd5 Qxd5 10. d4 exd4 11. Nxd4 Qe5 12. Qxe5 Nxe5 13. Nb5 a6 14.
Nc7 Ra7 15. Bf4 Ng6 16. Bg5 Bg4 17. f3 Bf5 18. Bxf6 Bxf6 19. Nd5 Bd8 20. Nd2 b5 21.
Nb3 c4 22. Nd4 Bd7 23. f4 Ne7 24. Nxe7+ Bxe7 25. Kf1 Bc5 26. Nc6 Rc7 27. Ne5 Bc8 28.
Rd2 f6 29. Nc6 Bb7 30. Nb4 Bxg2+ 31. Kxg2 Bxb4 32. cxb4 c3 33. bxc3 Rxc3 34. Re1 Rfc8 35. Re7 Rc2 36. Rde2 R8c4 37. a3 Rxe2+ 38. Rxe2 Rc3 0-1

[Event "*** Titled Tuesday Blitz"]
[Site "Chess.com"]
[Date "2021.03.09"]
[Round "3"]
[White "zverr1"]
[Black "grandcoach"]
[Result "0-1"]
[WhiteElo "2443"]
[BlackElo "2242"]
[TimeControl "180+1"]
[EndTime "10:29:25 PST"]
[Termination "grandcoach won on time"]

1. e4 c5 2. Nf3 Nc6 3. d4 cxd4 4. Nxd4 e5 5. Nb5 d6 6. N1c3 a6 7. Na3 b5 8. Nd5 Nge7 9. c4 Nxd5 10. cxd5 Nd4 11. Be3 Be7 12. Bd3 O-O 13. O-O f5 14.
Bxd4 exd4 15. exf5 Bxf5 16. Nc2 Bxd3 17. Qxd3 Bf6 18. Nb4 Qe8 19. Rfe1 Qh5 20. Rad1 a5 21. Nc6 Qxd5 22. Nxd4 Rfe8 23. Rxe8+ Rxe8 24. Qxb5 Qxb5 25. Nxb5 Bxb2 26. Kf1 Be5 27. g3 Rc8 28. f4 Bf6 29.
Rd2 Rc1+ 30. Ke2 d5 31. Rxd5 Rb1 32. Nd6 Rh1 33. Kf3 Rxh2 34. Rxa5 h5 35. Ra8+ Kh7 36.
Ne4 Bd4 37. Ng5+ Kg6 0-1

[Event "*** Titled Tuesday Blitz"]
[Site "Chess.com"]
[Date "2021.03.09"]
[Round "3"]
[White "IsuruAlahakoon"]
[Black "maxip32"]
[Result "0-1"]
[WhiteElo "2291"]
[BlackElo "2520"]
[TimeControl "180+1"]
[EndTime "10:29:26 PST"]
[Termination "maxip32 won on time"]

1. Nf3 Nf6 2. d4 g6 3. Bg5 Bg7 4. Nbd2 d5 5. e3 O-O 6. Bd3 Bg4 7. h3 Bxf3 8. Nxf3 Nbd7 9. O-O c6 10. c4 h6 11. Bh4 Nb6 12. b3 a5 13. Ne5 Nfd7 14. f4 c5 15. Qf3 cxd4 16. exd4 dxc4 17. bxc4 Nxe5 18. dxe5 Na4 19. Rad1 Nb2 20. Bxg6 Nxd1 21.
Rxd1 Qb6+ 22. Bf2 Qxg6 23. f5 Qc6 24. Qg4 Rad8 25. Rf1 Kh8 26. Bh4 Qc5+ 27. Kh1 Qxe5 28. Re1 Qd4 29. Qh5 Qf4 30. Bxe7 Be5 31. Rxe5 Qxe5 32. Qxh6+ Kg8 33. Qg5+ Qg7 34. Bxd8 Qxg5 35. Bxg5 Rc8 36. Bd2 Rxc4 37. Bxa5 Ra4 38. Bc3 Rxa2 39. Kh2 Rc2 0-1

[Event "*** Titled Tuesday Blitz"]
[Site "Chess.com"]
[Date "2021.03.09"]
[Round "3"]
[White "GM_Crest"]
[Black "KruHor"]
[Result "0-1"]
[WhiteElo "2772"]
[BlackElo "2548"]
[TimeControl "180+1"]
[EndTime "10:29:27 PST"]
[Termination "KruHor won by resignation"]

1. d4 Nf6 2. c4 e6 3. Nc3 Bb4 4. e3 c5 5. Ne2 cxd4 6. exd4 O-O 7. a3 Be7 8. d5 exd5 9. cxd5 Bc5 10. Na4 d6 11.
Nxc5 dxc5 12. Nc3 Bg4 13. f3 Bf5 14. Be2 Nbd7 15. O-O Rc8 16. d6 Qb6 17. Kh1 Rfd8 18. g4 Bg6 19. g5 Ne8 20. Bf4 Qxb2 21. Nd5 Kh8 22. Ne7 Rb8 23. Nxg6+ hxg6 24. Bc4 Ne5 25. Bxe5 Qxe5 26. Bxf7 Nxd6 27. Bxg6 Qxg5 28. Rg1 Qf6 29. f4 Nf5 30. Qh5+ Nh6 31. Qxc5 Rbc8 32. Qxa7 Qc6+ 33. Rg2 Rd2 34. Rg1 Ng4 35. Bf5 Nf2+ 36. Qxf2 Rxf2 37. Bxc8 Rxg2 38. Rxg2 Qxc8 39. Rg3 Qc1+ 40. Kg2 Qxf4 41. Rf3 Qd2+ 42. Kg1 Kh7 43. Rg3 g5 44. Rh3+ Kg6 45. Rg3 Kf5 46. Rf3+ Ke4 47. Rg3 b5 48. Rg4+ Kf3 49.
Rg3+ Kf4 50. Kh1 g4 51. Kg1 Qe1+ 52. Kg2 Qxg3+ 53. hxg3+ Ke3 0-1

[Event "*** Titled Tuesday Blitz"]
[Site "Chess.com"]
[Date "2021.03.09"]
[Round "3"]
[White "Pogosian_Manvel"]
[Black "SamuelGhimpu2003"]
[Result "0-1"]
[WhiteElo "2406"]
[BlackElo "2601"]
[TimeControl "180+1"]
[EndTime "10:29:27 PST"]
[Termination "SamuelGhimpu2003 won by resignation"]

1. d4 Nf6 2. Nf3 g6 3. g3 Bg7 4.
Bg2 O-O 5. O-O d6 6. c4 Nc6 7.
Nc3 a6 8. h3 Rb8 9. e4 Nd7 10.
Be3 e5 11. d5 Ne7 12. b4 h6 13. c5 f5 14. Rc1 f4 15. Bd2 g5 16. Ne1 Ng6 17.
Nd3 Nf6 18. g4 f3 19. Bxf3 Nh4 20. Be2 h5 21. f3 Ng6 22. Bxg5 Qe8 23. Qd2 Nh7 24.
Be3 Qe7 25. Qe1 Ng5 26. Qg3 Nf4 27. Bxf4 exf4 28. Qg2 Bd4+ 29. Nf2 hxg4 30. hxg4 Qh7 31. Rfd1 Nh3+ 32. Kf1 Bxf2 33. cxd6 cxd6 34. e5 Bg3 35. Bd3 Qh4 36. Ne4 Ng5 37. Nxd6 Bxg4 38. Be2 Bh3 0-1

[Event "*** Titled Tuesday Blitz"]
[Site "Chess.com"]
[Date "2021.03.09"]
[Round "3"]
[White "MatyChess1"]
[Black "lucachess49"]
[Result "1-0"]
[WhiteElo "2583"]
[BlackElo "2390"]
[TimeControl "180+1"]
[EndTime "10:29:27 PST"]
[Termination "MatyChess1 won on time"]

1. e4 e5 2. Nf3 Nc6 3. Bc4 Nf6 4. d3 Be7 5. O-O O-O 6. Re1 d6 7. a4 Na5 8. Ba2 c5 9. c3 Nc6 10. Na3 a6 11. Bd2 Re8 12. Ng5 Rf8 13. h3 h6 14.
Nf3 Re8 15. Nc2 Bf8 16. b4 Be6 17. Bxe6 Rxe6 18. b5 axb5 19. axb5 Rxa1 20. Qxa1 Na5 21. Qa2 c4 22. dxc4 Qc7 23. Ne3 Re8 24. Bc1 Ra8 25. Nd2 Qc8 26. Qc2 b6 27. Ba3 Nb7 28.
Bb4 g6 29. Qb2 Nc5 30. Bxc5 Qxc5 31. Ra1 Qc8 32. Ra2 h5 33. Rxa8 Qxa8 34. Nd5 Nxd5 35. cxd5 Qa4 36. Qb3 Qa1+ 37. Nb1 Bh6 38. g3 Bd2 39.
Kg2 Bh6 40. h4 Kg7 41. Qc2 Kh7 42. Qd3 Qb2 43. c4 Qb4 44. Nc3 1-0

[Event "*** Titled Tuesday Blitz"]
[Site "Chess.com"]
[Date "2021.03.09"]
[Round "3"]
[White "beto-betun"]
[Black "Blitzking642"]
[Result "0-1"]
[WhiteElo "2217"]
[BlackElo "2412"]
[TimeControl "180+1"]
[EndTime "10:29:28 PST"]
[Termination "Blitzking642 won on time"]

1. d4 Nf6 2. Nf3 g6 3. g3 Bg7 4. Bg2 O-O 5. O-O d6 6. c4 c5 7. b3 cxd4 8. Nxd4 Nc6 9. Bb2 Bd7 10. Nd2 Nxd4 11. Bxd4 Bc6 12. e4 Qa5 13. Qc2 Rac8 14. Bc3 Qb6 15. Qb2 Rfd8 16. Rad1 Nh5 17. Bxg7 Nxg7 18.
Rfe1 a5 19. a3 Ne6 20. Nf1 Nc5 21. Re3 Bd7 22. Nd2 Be6 23. Qd4 Qc7 24. Bf1 Bg4 25. Be2 Ne6 26. Qd3 Bxe2 27. Qxe2 Qc5 28. a4 Nd4 29.
Qd3 Nc6 30. Nf1 Nb4 31. Qe2 e6 32. Kg2 d5 33. exd5 exd5 34. cxd5 Rxd5 35. Rxd5 Qxd5+ 36.
Qf3 Qxf3+ 37. Rxf3 Rc2 38. Ne3 Rc5 39. Nc4 Kg7 40. Re3 Nc6 41. Rd3 b5 42. axb5 Rxb5 0-1

[Event "*** Titled Tuesday Blitz"]
[Site "Chess.com"]
[Date "2021.03.09"]
[Round "3"]
[White "youngKID"]
[Black "Mikasinski"]
[Result "0-1"]
[WhiteElo "2787"]
[BlackElo "2475"]
[TimeControl "180+1"]
[EndTime "10:29:29 PST"]
[Termination "Mikasinski won on time"]

1. Nf3 Nf6 2. d4 g6 3. Bf4 Bg7 4. h3 O-O 5. e3 d6 6. Nbd2 b6 7. Be2 Bb7 8. a4 a5 9. O-O Nbd7 10. Bh2 Qe8 11. Re1 e5 12. dxe5 dxe5 13. Bb5 Qe7 14. e4 Rad8 15. Qe2 Nh5 16. Rad1 Nf4 17. Qe3 Nc5 18. b3 Nce6 19. Bf1 Qc5 20.
Nc4 Qxe3 21. fxe3 Nh5 22. Bd3 Nc5 23. Ncxe5 Nf6 24. Nc4 Rd7 25. e5 Nd5 26. Bf1 Rfd8 27. Rd4 Nc3 28. Bf4 Ne6 29. Rd3 Ne4 30. Bh2 N4c5 31.
Rxd7 Rxd7 32. Kf2 Ne4+ 33. Kg1 h5 34. g4 hxg4 35. hxg4 N6g5 36. Nd4 c5 37. Bg2 cxd4 38. exd4 Rxd4 0-1

[Event "*** Titled Tuesday Blitz"]
[Site "Chess.com"]
[Date "2021.03.09"]
[Round "3"]
[White "Korchmar_Vasiliy"]
[Black "Niktlt"]
[Result "1-0"]
[WhiteElo "2644"]
[BlackElo "2427"]
[TimeControl "180+1"]
[EndTime "10:29:29 PST"]
[Termination "Korchmar_Vasiliy won on time"]

1. d4 Nf6 2. Nf3 g6 3. Bg5 Bg7 4. Nbd2 O-O 5. e3 d6 6. Bd3 Nbd7 7. O-O b6 8. c3 Bb7 9. a4 a6 10.
e4 e5 11. Re1 h6 12. Bh4 g5 13. Bg3 Re8 14. Nc4 exd4 15. Nxd4 Nxe4 16. Nf5 Nxg3 17.
Rxe8+ Qxe8 18. hxg3 Nf6 19. Nce3 Bf8 20. Be2 Qe6 21.
Bf3 Bxf3 22. Qxf3 Re8 23. Nd4 Qe7 24. Nef5 Qe5 25. Qc6 Ng4 26. Rf1 Rc8 27. Qb7 Qe8 28.
Qxa6 Ra8 29. Qb7 Rxa4 30. Qxc7 Qe5 31. Qxb6 Ra2 32. Qb8 Ra6 33. b4 Ra3 34. b5 Rxc3 35. Nc6 Qh8 36. Nce7+ Kh7 37. Qxd6 Qf6 38. Qd8 Qh8 39.
b6 Rb3 40. Qd5 Rxb6 41. Qxf7+ Bg7 42. Nxg7 1-0

[Event "*** Titled Tuesday Blitz"]
[Site "Chess.com"]
[Date "2021.03.09"]
[Round "3"]
[White "paulrusan"]
[Black "xImpervious"]
[Result "0-1"]
[WhiteElo "2310"]
[BlackElo "2140"]
[TimeControl "180+1"]
[EndTime "10:29:29 PST"]
[Termination "xImpervious won on time"]

1. e4 c5 2. b4 cxb4 3. Bb2 d5 4.
exd5 Qxd5 5. d4 Nf6 6. Nf3 Nc6 7. Be2 Bg4 8. O-O e6 9. a3 Be7 10. axb4 O-O 11. b5 Nb8 12. c4 Qh5 13. Nbd2 Nbd7 14. h3 Bxf3 15. Nxf3 Qg6 16. Re1 a6 17. bxa6 bxa6 18.
Bd3 Qh6 19. Ne5 Nxe5 20. dxe5 Nh5 21. Bc1 Bg5 22. g3 Rfd8 23. Qc2 Bxc1 24. Raxc1 g6 25. c5 Qg5 26. Kh2 a5 27. c6 Rac8 28. c7 Rd7 29. Ba6 Rcxc7 30. Qxc7 Rxc7 31. Rxc7 Qd2 32. Re2 Qd4 33. Bb5 Qd8 34. Rec2 Kg7 35. Be2 Qd4 36. Bxh5 gxh5 37. f4 h4 38. R7c4 hxg3+ 39. Kxg3 Qe3+ 40. Kg2 Kg6 41. R2c3 Qe2+ 42. Kg3 a4 43. f5+ exf5 44. Rc6+ Kg5 45. h4+ Kh5 46. Rf6 Qe1+ 47. Kg2 Qxc3 48. Rxf5+ Kxh4 49. Rxf7 Qd2+ 50. Rf2 Qd5+ 51. Kh2 Qxe5+ 52.
Kg2 Qg3+ 0-1

[Event "*** Titled Tuesday Blitz"]
[Site "Chess.com"]
[Date "2021.03.09"]
[Round "3"]
[White "jd001"]
[Black "SharapovEvgeny"]
[Result "0-1"]
[WhiteElo "2240"]
[BlackElo "2458"]
[TimeControl "180+1"]
[EndTime "10:29:30 PST"]
[Termination "SharapovEvgeny won by resignation"]

1. d4 d5 2. c4 c6 3. cxd5 cxd5 4. Bf4 Nc6 5. e3 Nf6 6. Nc3 a6 7. Bd3 Bg4 8. Nge2 e6 9. O-O Be7 10. f3 Bh5 11. Rc1 O-O 12. Qd2 Bg6 13. Bxg6 hxg6 14. e4 dxe4 15. fxe4 e5 16. dxe5 Qxd2 17. Bxd2 Nxe5 18.
Bg5 Nd3 19. Rcd1 Bc5+ 20. Kh1 Nf2+ 21. Rxf2 Bxf2 22. Rf1 Ng4 23. h3 Be3 24. Be7 Rfe8 25. Bh4 Ne5 26. Nd5 Ba7 27. Nc7 Rac8 28. Nxe8 Rxe8 29.
Rd1 Rc8 30. Nc3 f6 31. Rd2 Kf7 32. Kh2 Ke6 33. Bg3 Nc4 34. Re2 Bd4 35. Nd1 Be5 36. b3 Bxg3+ 37. Kxg3 Ne5 38. Nf2 Rc3+ 39. Kh2 b5 40.
Rd2 b4 41. Nd1 Rd3 42. Rxd3 Nxd3 43. Ne3 Ke5 44. Nd5 Kxe4 45. Nc7 a5 46. Ne6 Nc1 47. Nxg7 Nxa2 48. Ne8 f5 49. Nd6+ Kd5 50. Nb7 a4 51. bxa4 b3 52. Na5 b2 53. Nb3 b1=Q 0-1

[Event "*** Titled Tuesday Blitz"]
[Site "Chess.com"]
[Date "2021.03.09"]
[Round "3"]
[White "Shubinkirill2003"]
[Black "Sibelephant"]
[Result "0-1"]
[WhiteElo "2677"]
[BlackElo "3086"]
[TimeControl "180+1"]
[EndTime "10:29:31 PST"]
[Termination "Sibelephant won by resignation"]

1. e4 c5 2. Nf3 d6 3. Bb5+ Bd7 4.
a4 Nf6 5. Qe2 Nc6 6. c3 a6 7.
Bd3 g6 8. O-O Bg7 9. Bc2 O-O 10.
h3 e5 11. d3 Nh5 12. Na3 b5 13. axb5 axb5 14. Bg5 Qb8 15. Qd2 f6 16. Bh6 Bxh6 17.
Qxh6 Nf4 18. g3 Ne6 19. Bb3 Kh8 20. Nh4 Ne7 21. Bd5 Ra4 22. f4 exf4 23. g4 Qe8 24. Nxb5 Rxa1 25. Rxa1 Ng8 26. Nxd6 Nxh6 27. Nxe8 Rxe8 28.
Ra7 Bc8 29. b4 cxb4 30. cxb4 Nd4 31. Kf2 Be6 32. Bc4 Bxc4 33. dxc4 Rc8 34. c5 Kg8 35. Nf3 Nc6 36. Rb7 Nf7 37. b5 Ncd8 38. Rd7 Rxc5 39. b6 Rb5 40. b7 Rxb7 0-1

[Event "*** Titled Tuesday Blitz"]
[Site "Chess.com"]
[Date "2021.03.09"]
[Round "3"]
[White "dosto07"]
[Black "jordanasoul"]
[Result "0-1"]
[WhiteElo "2334"]
[BlackElo "2186"]
[TimeControl "180+1"]
[EndTime "10:29:31 PST"]
[Termination "jordanasoul won on time"]

1. e4 c5 2. Nf3 Nc6 3. Bb5 g6 4.
Bxc6 dxc6 5. d3 Bg7 6. h3 Nf6 7.
Nc3 Nd7 8. Be3 e5 9. Qd2 h6 10. O-O Qe7 11. a3 Nf8 12. Na4 b6 13. b4 cxb4 14. axb4 Ne6 15. Nxb6 Rb8 16. Nc4 a6 17. Ncxe5 Qxb4 18. Qxb4 Rxb4 19. Rab1 c5 20. Nc6 Rb5 21. c4 Rxb1 22. Rxb1 Kd7 23. Nce5+ Ke7 24. Nc6+ Kd6 25. Na5 Kc7 26. Nb3 Kc6 27. Kf1 f5 28. exf5 gxf5 29.
d4 cxd4 30. Nbxd4+ Nxd4 31. Nxd4+ Kc5 32. Nxf5+ Kxc4 33. Nxg7 a5 34. Nh5 a4 35. Nf4 a3 36.
Rc1+ Kb3 37. Bd4 Rd8 38. Ba1 Ba6+ 39. Ke1 Re8+ 40. Kd2 Rf8 41. g3 Rd8+ 42. Ke3 Re8+ 43. Kf3 Bb7+ 44. Kg4 Rd8 45. Rc7 Ba6 46. Ra7 Rd6 47.
Be5 Rc6 48. h4 a2 49. Kh5 Bc4 50. Rb7+ Kc2 51. Ra7 Rc5 0-1

[Event "*** Titled Tuesday Blitz"]
[Site "Chess.com"]
[Date "2021.03.09"]
[Round "3"]
[White "MasterMK73"]
[Black "mary-sanna"]
[Result "1-0"]
[WhiteElo "2304"]
[BlackElo "2058"]
[TimeControl "180+1"]
[EndTime "10:29:31 PST"]
[Termination "MasterMK73 won on time"]

1. d4 d5 2. Nf3 Nf6 3. Bf4 e6 4. e3 Bd6 5. Bg3 O-O 6. Bd3 c5 7. c3 Nc6 8. Nbd2 cxd4 9. exd4 a6 10. Qe2 b5 11. Ne5 Bb7 12. f4 b4 13. O-O bxc3 14. bxc3 Qa5 15. Nb3 Qc7 16. Bh4 Be7 17. Rf3 Nxe5 18.
fxe5 Ne4 19. Bxe7 Qxe7 20. Rh3 h6 21. Bxe4 dxe4 22. Nc5 Bc6 23. Rf1 a5 24. Nxe4 Bxe4 25. Qxe4 Rac8 26. Qg4 Qg5 27. Qf3 Rc7 28. Rg3 Qd2 29. h4 Rfc8 30. Kh2 Rxc3 31. Qf2 Rxg3 32. Qxd2 Rg4 33. Kh3 Rg6 34. g3 a4 35. Rf2 a3 36.
Qd3 1-0

[Event "*** Titled Tuesday Blitz"]
[Site "Chess.com"]
[Date "2021.03.09"]
[Round "3"]
[White "FontVella8"]
[Black "esrosenberg"]
[Result "1-0"]
[WhiteElo "2491"]
[BlackElo "2141"]
[TimeControl "180+1"]
[EndTime "10:29:33 PST"]
[Termination "FontVella8 won by checkmate"]

1. e4 e6 2. d4 d5 3. Nc3 Bb4 4. e5 c5 5. a3 Bxc3+ 6. bxc3 Ne7 7. Qg4 Qc7 8. Bd3 Qa5 9. Bd2 Nbc6 10. h4 c4 11. Be2 Nf5 12. Nf3 Bd7 13. h5 h6 14.
Qf4 O-O-O 15. g4 Nfe7 16. Qxf7 Rdf8 17. Qxg7 Rfg8 18. Qf6 Rf8 19. Qh4 Rhg8 20. Kf1 Qa4 21. Bd1 Rxf3 22. Bxf3 Qxc2 23. Be3 Qxc3 24. Rc1 Qd3+ 25.
Be2 Qe4 26. Rh3 Nxd4 27. Qxe7 Nxe2 28. Kxe2 Qxg4+ 29. Rf3 d4 30. Rxc4+ Bc6 31. Rxc6+ bxc6 32. Bxd4 Rd8 33. Qc5 Qe4+ 34. Re3 Qxd4 35. Qxc6+ Kb8 36. Rb3+ Qb6 37. Rxb6+ axb6 38. Qxb6+ Kc8 39. Qxe6+ Rd7 40. Qxd7+ Kxd7 41. Ke3 Ke6 42. Ke4 Ke7 43. f4 Kf7 44. Kf5 Ke7 45. Kg6 Ke6 46. f5+ Ke7 47. f6+ Kf8 48.
e6 Kg8 49. e7 Kh8 50. e8=Q# 1-0

[Event "*** Titled Tuesday Blitz"]
[Site "Chess.com"]
[Date "2021.03.09"]
[Round "3"]
[White "Aleksey_Sorokin"]
[Black "eduardoperalta"]
[Result "1-0"]
[WhiteElo "2781"]
[BlackElo "2531"]
[TimeControl "180+1"]
[EndTime "10:29:34 PST"]
[Termination "Aleksey_Sorokin won by resignation"]

1. d4 Nf6 2. c4 c5 3. d5 d6 4. Nc3 g6 5. e4 Bg7 6. h3 O-O 7. Bd3 e6 8. Nf3 exd5 9. exd5 Re8+ 10. Be3 Nbd7 11. O-O a6 12. Bf4 Ne5 13. Nxe5 dxe5 14. Bg5 h6 15. Bxf6 Qxf6 16. Ne4 Qb6 17. Qb3 Qc7 18.
d6 Qc6 19. Qa3 b6 20. Bc2 Rd8 21. Rfe1 Bb7 22. Qg3 Kh7 23. h4 f5 24. h5 Qe8 25.
d7 Rxd7 26. Ba4 Bxe4 27. Qxg6+ Qxg6 28. hxg6+ Kxg6 29. Bxd7 Rd8 30. Rad1 Kf6 31. f3 Bb7 32. Bxf5 Rxd1 33. Rxd1 Bxf3 34. gxf3 Kxf5 35. Rd6 Kf4 36.
Kf2 e4 37. fxe4 Bxb2 38. Rxb6 Bd4+ 39. Ke2 h5 40. Rxa6 Kxe4 41. Rh6 Bg1 42. a4 Kd4 43. a5 Bh2 44. a6 Bb8 45. Rxh5 Kxc4 46. Rh8 Ba7 47.
Rh7 Bb6 48. Rb7 Kb5 49. a7 1-0

[Event "*** Titled Tuesday Blitz"]
[Site "Chess.com"]
[Date "2021.03.09"]
[Round "3"]
[White "jraosam"]
[Black "MillyNeuf"]
[Result "1/2-1/2"]
[WhiteElo "1893"]
[BlackElo "2277"]
[TimeControl "180+1"]
[EndTime "10:29:34 PST"]
[Termination "Game drawn by repetition"]

1. d4 Nf6 2. Bg5 d5 3. e3 Ne4 4.
Bf4 e6 5. Bd3 Bd6 6. Nf3 Nd7 7. Nbd2 Nxd2 8. Qxd2 Nf6 9. O-O-O b6 10. h4 c5 11. c3 Bb7 12. Bb5+ Kf8 13. Ne5 a6 14. Bd3 c4 15. Bc2 b5 16. g4 a5 17.
g5 Nh5 18. Qe2 Nxf4 19. exf4 b4 20. h5 bxc3 21. bxc3 Ba3+ 22. Kd2 Rb8 23. g6 hxg6 24.
hxg6 Rg8 25. Nxf7 Qf6 26. Ng5 Qxf4+ 27. Ke1 Qxg5 28. Kf1 Re8 29. Qf3+ Qf6 30. Qg3 Qe7 31. Rh4 Bd6 32. Rf4+ Bxf4 33. Qxf4+ Qf6 34. Qd6+ Re7 35. Qd8+ Re8 36. Qd6+ Qe7 37. Qf4+ Qf6 38. Qd6+ 1/2-1/2

[Event "*** Titled Tuesday Blitz"]
[Site "Chess.com"]
[Date "2021.03.09"]
[Round "3"]
[White "SerGo055"]
[Black "Alexsur1981"]
[Result "0-1"]
[WhiteElo "2593"]
[BlackElo "2837"]
[TimeControl "180+1"]
[EndTime "10:29:35 PST"]
[Termination "Alexsur1981 won on time"]

1. d4 d6 2. Nf3 Bg4 3. c4 c6 4. Nc3 Nd7 5. e3 Ngf6 6. Be2 e5 7. O-O Be7 8. b3 O-O 9. Bb2 e4 10. Nd2 Bxe2 11. Qxe2 d5 12. f3 exf3 13. Qxf3 Nb6 14. Rad1 Bb4 15. e4 Bxc3 16. Bxc3 Nxe4 17. Nxe4 dxe4 18. Qxe4 Qd7 19. Rd3 Rae8 20. Qh4 f6 21. Rh3 h6 22. Rg3 Kh7 23. Qh5 Qf7 24. Qa5 Nc8 25.
Bb4 Rg8 26. Qf5+ Kh8 27. h3 Re2 28. Rf2 Rxf2 29. Kxf2 Re8 30. Re3 Rxe3 31. Kxe3 Nb6 32. a4 Nd7 33. Bd6 g6 34. Qe4 Kg7 35. Qe7 Qxe7+ 36. Bxe7 Kf7 37. Bd6 Ke6 38. Bc7 f5 39. b4 a6 40. g3 g5 41. Bd8 Nf8 42. h4 gxh4 43. Bxh4 Ng6 44. Bd8 h5 45. Bg5 Kd6 46. Kf3 b5 0-1